 Dungeon Crawl Stone Soup version 0.30.1-11-g7821555f0a (webtiles) character file.

Game seed: 14506022129060747802

1177 lonewolfV2 the Shield-Bearer (level 8, -9/65 HPs)
             Began as a Formicid Fighter on Nov 1, 2023.
             Mangled by an ogre
             ... wielding a +0 giant club
              (27 damage)
             ... on level 5 of the Dungeon.
             The game lasted 00:07:28 (5346 turns).

lonewolfV2 the Shield-Bearer (Formicid Fighter)     Turns: 5346, Time: 00:07:29

Health: -9/65      AC:  9    Str: 22    XL:     8   Next: 69%
Magic:  8/8        EV:  9    Int:  9    God:
Gold:   263        SH:  7    Dex: 13    Spells: 7/7 levels left

rFire   . . .        a - +0 war axe
rCold   . . .        c - +1 buckler
rNeg    . . .        b - +0 scale mail
rPois   .            (helmet unavailable)
rElec   .            j - +0 cloak
rCorr   .            f - +0 pair of gloves
SInv    +            (no boots)
Will    .....        (no amulet) Stlth
                     (no ring)
HPRegen 0.30/turn    (no ring)
MPRegen 0.11/turn

%: no passive effects
@: no status effects
A: permanent stasis, dig shafts and tunnels, antennae 3, four strong arms
a: Dig, Shaft Self


You were on level 5 of the Dungeon.
You visited 1 branch of the dungeon, and saw 6 of its levels.

You collected 263 gold pieces.

Inventory:

Hand Weapons
 a - a +0 war axe (weapon)
Armour
 b - a +0 scale mail (worn)
 c - a +1 buckler (worn)
 f - a +0 pair of gloves (worn)
 j - a +0 cloak (worn)
Wands
 p - a wand of mindburst (9)
Scrolls
 h - 2 scrolls of teleportation
 r - a scroll of torment {unknown}
Potions
 d - 3 potions of might
 e - 3 potions of mutation
 g - 2 potions of heal wounds {unknown}
 i - 2 potions of attraction {unknown}
 k - a potion of cancellation {unknown}
 l - 2 potions of curing {unknown}
 m - a potion of ambrosia {unknown}
 n - a potion of degeneration {unknown}
 q - 2 potions of brilliance {unknown}


   Skills:
 + Level 6.4 Fighting
 * Level 7.0 Axes
 - Level 3.2 Armour
 + Level 7.5 Shields


You had 7 spell levels left.
You didn't know any spells.
Your spell library contained the following spells:

 Spells                   Type           Power      Damage    Failure   Level
 Ensorcelled Hibernation  Hex/Ice        0%         N/A       88%         2
 Passwall                 Tmut/Erth      0%         N/A       88%         2
 Ozocubu's Armour         Ice            0%         N/A       98%         3
 Ozocubu's Refrigeration  Ice            0%         4d7       100%        7
 Swiftness                Air            Unusable   N/A       N/A         3

Dungeon Overview and Level Annotations

Branches:
Dungeon (6/15)
 Temple: D:4-7

Altars:

Shops:
D:5 [

Annotations:
D:1 2 runed translucent doors


Innate Abilities, Weirdness & Mutations

You cannot be hasted, slowed, berserked, paralysed or teleported.
You can dig through walls and to a lower floor.
You have a pair of large antennae on your head. (SInv)
Your four strong arms can wield two-handed weapons with a shield.


Message History

a +0 robe; a +0 whip; a bullfrog corpse You start resting.
HP restored.
You start waiting.
Done waiting.
Things that are here:
a +0 robe; a +0 whip; a bullfrog corpse
There is a stone staircase leading down here.
You climb downwards.
You block the ogre's attack.
The jelly hits you but does no damage. x2; You block the orc's attack.
There is a stone staircase leading up, spattered with blood here.
You slash the ogre!
The ogre is moderately wounded.
You hit the jelly.
Your hands burn!
The ogre hits you with a +0 giant club!!
The howler monkey hoots and howls with incredible vigour!
The orc warrior hits you from afar with a +0 halberd!
The jelly hits you but does no damage. You block the orc's attack.
You hear a shout! x2; You hear an angry hiss.
You block the ogre's attack.
The orc warrior hits you from afar with a +0 halberd.
You block the jelly's attack. The orc barely misses you.
You climb upwards.
There is a stone staircase leading down here.
You slice the jelly!!
You kill the jelly!
You slash the ogre! You block the ogre's attack.
You closely miss the ogre.
The ogre is severely wounded.
You hit the ogre but do no damage.
The ogre is severely wounded.
The ogre hits you with a +0 giant club!
* * * LOW HITPOINT WARNING * * *
You completely miss the ogre.
The ogre is severely wounded.
The ogre closely misses you.
You hit the ogre.
The ogre is severely wounded.
The ogre hits you with a +0 giant club!!
You die...

#.......###.###.#.........#.
#...........................
######.<.....###.....#...........
....................##.........##
.#######...###.....#####.#.#.####
.# ##.###................# .#
#..........#######.###### .#
#######[O.## #....... .# ##@.#
######## .# #..## .# ##.#.## .#
##.###.### .# #.## ##..### .#
##.###.(...# .## ####.#.)#.#.##
..# #............# #.#
##....##.#.#..#


You could see an ogre.

Vanquished Creatures
  2 black bears (D:5)
  An ogre (D:5)
  A phantom (D:4)
  A bullfrog (D:5)
  A scorpion (D:4)
  A howler monkey (D:5)
  3 jellies
  2 hounds
  A gnoll bouda (D:5)
  4 orc priests
  4 orc wizards
  8 gnolls
  6 adders
  A river rat (D:4)
  An ufetubus (D:4)
  2 worms (D:4)
  A dart slug (D:2)
  20 orcs
  8 ball pythons
  5 endoplasms
  8 giant cockroaches
  5 goblins
  2 hobgoblins (D:1)
  14 jackals
  8 kobolds
  3 quokkas
  10 bats
  5 frilled lizards
  9 rats
137 creatures vanquished.

Notes
Turn   | Place    | Note
-------+----------+-------------------------------------------
     0 | D:1      | lonewolfV2 the Formicid Fighter began the quest for the
                  | Orb.
     0 | D:1      | Reached XP level 1. HP: 18/18 MP: 1/1
    49 | D:1      | Reached XP level 2. HP: 18/24 MP: 2/2
   105 | D:1      | Found a large runed translucent door.
   105 | D:1      | Found a large runed translucent door.
   107 | D:1      | Noticed an orc warrior
   259 | D:1      | Reached XP level 3. HP: 28/30 MP: 3/3
  1339 | D:2      | Reached XP level 4. HP: 37/37 MP: 4/4
  1831 | D:2      | Reached XP level 5. HP: 37/43 MP: 5/5
  1835 | D:2      | Reached skill level 5 in Shields
  2235 | D:3      | You fall into a shaft and drop 1 floor!
  2253 | D:4      | Reached XP level 6. HP: 28/49 MP: 6/6
  2436 | D:4      | Reached skill level 5 in Fighting
  2673 | D:4      | Reached XP level 7. HP: 51/56 MP: 7/7
  2801 | D:4      | Reached skill level 5 in Axes
  3355 | D:5      | Entered Level 5 of the Dungeon
  3573 | D:5      | Reached XP level 8. HP: 18/64 MP: 8/8
  3760 | D:5      | Found Ycsaed's Armour Emporium.
  5346 | D:5      | Mangled by an ogre

Illustrated notes

Levels and vault maps discovered:
D:1:      erik_arrival_cave_to_civilisation [erik_arrival_cave_to_temple],
          layout_loops_corners
D:2:      minmay_alternating_diamond, layout_loops_ring
D:3:      layout_basic
D:4:      layout_loops_ring, portal_sewer_entry_e
D:5:      layout_loops_ring, serial_shops, shop
D:6:      layout_basic, minmay_temple_entry_wispy

Skill      XL: |  1  2  3  4  5  6  7  8 |
---------------+-------------------------+-----
Fighting       | 4 5 6 |  6.4
Axes           | 3 4 6 7 |  7.0
Shields        | 5 6 7 |  7.5
Armour         | |  3.2

Action                     |  1- 3 |  4- 6 |  7- 9 || total
---------------------------+-------+-------+-------++-------
  Melee: War axe           |   100 |   147 |   140 ||   387
  Evoke: Wand              |       |       |     7 ||     7
    Use: Scroll            |     1 |     3 |     1 ||     5
 Armour: Scale mail        |    85 |    68 |    79 ||   232
  Dodge: Dodged            |    91 |    88 |   105 ||   284
  Block: Buckler           |    41 |    60 |    69 ||   170
